 Dungeon Crawl Stone Soup version 0.22-a0-567-gff9aefc (webtiles) character file.

2181 kae the Frost Mage (level 9, -3/64 HPs)
             Began as a Merfolk Ice Elementalist on June 29, 2018.
             Was a Follower of Okawaru.
             Shot with an arrow by a centaur (10 damage)
             ... on level 7 of the Dungeon.
             The game lasted 00:12:20 (9832 turns).

kae the Frost Mage (Merfolk Ice Elementalist)       Turns: 9832, Time: 00:12:21

Health: -3/64      AC:  6    Str: 17    XL:     9   Next: 33%
Magic:  2/17       EV: 12    Int: 15    God:    Okawaru [*.....]
Gold:   265        SH:  0    Dex: 14    Spells: 9/19 levels left

rFire    . . .     SeeInvis .   n - +1 spear
rCold    . . .     Gourm    .   (no shield)
rNeg     + . .     Faith    .   w - +0 leather armour
rPois    .         Spirit   .   q - +2 helmet
rElec    .         Reflect  .   (no cloak)
rCorr    .         Harm     .   (no gloves)
MR       .....                  (no boots)
Stlth    +++.......             (no amulet)
HPRegen  0.20/turn              t - ring "Fexize" {Str+6 Stlth+}
MPRegen  0.15/turn              m - ring of positive energy

@: no status effects
A: change form in water, swift swim, stealthy swim
a: Heroism, Renounce Religion


You were on level 7 of the Dungeon.
You worshipped Okawaru.
Okawaru was aware of your devotion.
You were near starving.

You visited 2 branches of the dungeon, and saw 8 of its levels.

You collected 265 gold pieces.

Inventory:

Hand Weapons
 n - a +1 spear (weapon)
Armour
 a - a +0 robe
 q - a +2 helmet (worn)
 w - a +0 leather armour (worn)
Jewellery
 g - an uncursed ring of protection from magic
 i - an uncursed amulet of faith
 m - a ring of positive energy (right hand)
 s - an uncursed ring of protection from magic
 t - the ring "Fexize" (left hand) {Str+6 Stlth+}
   (You took it off an orc wizard on level 4 of the Dungeon)

   [ring of strength]

   It affects your strength (+6).
   It makes you more stealthy.
 y - an uncursed ring of see invisible
Wands
 b - a wand of clouds (2)
 e - a wand of polymorph (14)
Scrolls
 d - 7 scrolls of teleportation
 f - 2 scrolls of remove curse
 h - a scroll of amnesia
 j - a scroll of enchant armour
 o - a scroll of magic mapping
 u - a scroll of identify
Potions
 k - a potion of haste
 l - 2 potions of cancellation
 p - 5 potions of curing
 r - a potion of ambrosia {unknown}
 v - 2 potions of flight
Comestibles
 c - 8 rations


   Skills:
 + Level 3.3 Fighting
 + Level 4.5 Polearms
 - Level 2.6 Dodging
 - Level 2.1 Stealth
 + Level 5.9 Spellcasting
 - Level 0.7 Conjurations
 * Level 10.2 Ice Magic
 + Level 2.5 Invocations


You had 9 spell levels left.
You knew the following spells:

 Your Spells              Type           Power        Failure   Level  Hunger
a - Freeze                Ice            ####         1%          1    None
b - Throw Frost           Conj/Ice       ###...       3%          2    #......
c - Ozocubu's Armour      Chrm/Ice       ###.....     7%          3    ###....
d - Throw Icicle          Conj/Ice       ###.....     19%         4    ####...

Your spell library contained the following spells:

 Spells                   Type           Power        Failure   Level  Hunger
 Confuse                  Hex            #.......     50%         3    ###....
 Summon Ice Beast         Ice/Summ       ###.....     22%         4    ####...
 Confusing Touch          Hex            #.....       19%         1    None
 Metabolic Englaciation   Hex/Ice        ###.......   52%         5    ######.
 Petrify                  Tmut/Erth      #.......     88%         4    ####...
 Gell's Gravitas          Tloc           #.........   50%         3    ###....
 Yara's Violent Unravell  Hex/Tmut       #.........   99%         5    ######.


Dungeon Overview and Level Annotations

Branches:
Dungeon (7/15)             Temple (1/1) D:4

Altars:
Ashenzari
Cheibriados
Dithmenos
Elyvilon
Fedhas
Gozag
Kikubaaqudgha
Makhleb
Nemelex Xobeh
Okawaru
Qazlal
Ru
Trog
Uskayaw
Wu Jian
Xom
Yredelemnul
Zin
The Shining One

Annotations:
D:3 Paulus's ghost, amateur DsFi
D:5 exclusion: gargoyle


Message History

The vampire mosquito is almost destroyed.
The vampire mosquito closely misses you.
The vampire mosquito bites you but does no damage.
Casting: Freeze (safe; 1% risk of failure)
Confirm with . or Enter, or press ? or * to list all spells.
Aiming: Freeze (safe; 1% risk of failure)
Press: ? - help, Shift-Dir - straight line, f/p - vampire mosquito
Aim: a vampire mosquito (almost destroyed)
You freeze the vampire mosquito.
The vampire mosquito is almost destroyed.
The vampire mosquito bites you!
* * * LOW HITPOINT WARNING * * *
The vampire mosquito draws strength from your injuries!
The vampire mosquito bites you!
* * * LOW HITPOINT WARNING * * *
You hit the vampire mosquito.
You destroy the vampire mosquito!
Okawaru accepts your kill.
The centaur shoots an arrow.
The arrow hits you!
You die...

..# ≈≈≈≈≈♣♣♣♣≈≈≈ ♣P.>..#
..# ≈≈≈≈≈♣≈♣♣≈♣♣♣♣.#...#
..###≈♣♣♣P.....≈♣≈......##.
......#.............#......
##..................#...##.
.........)<.....(..........
(...................######
.............###(####
..[.........## #@#
....)......## #)#
P≈♣........#####c##
≈≈≈♣............lh########
♣...........#..........
#..........#.###.##..#
.......(........
.?....#..#...#..
########..#...#..


You could see a centaur, an iguana and a hound.

Vanquished Creatures
  A vampire mosquito (D:7)
  3 ice beasts
  A phantom (D:6)
  A black bear (D:7)
  3 ogres
  A big kobold (D:6)
  3 bullfrogs (D:7)
  A scorpion (D:6)
  3 wights
  An electric eel (D:7)
  2 crimson imps
  A centaur zombie (D:5)
  2 orc priests
  3 hounds
  A jelly (D:5)
  5 orc wizards (D:4)
  2 iguanas
  5 worker ants
  Robin (D:2)
  3 worker ant zombies
  12 adders
  A shadow imp (D:5)
  An adder skeleton (D:6)
  An adder zombie (D:5)
  4 worms
  2 dart slugs (D:3)
  2 leopard geckos
  16 orcs
  3 ball pythons
  7 giant cockroaches
  18 goblins
  10 hobgoblins
  6 jackals
  A quokka (D:4)
  4 bats
  6 frilled lizards
  2 gnoll zombies (D:6)
  17 kobolds
  13 rats
  A butterfly (D:4)
170 creatures vanquished.

Vanquished Creatures (others)
  A plant (D:7)
1 creature vanquished.

Grand Total: 171 creatures vanquished

Notes
Turn   | Place    | Note
-------+----------+-------------------------------------------
     0 | D:1      | kae the Merfolk Ice Elementalist began the quest for the Orb.
     0 | D:1      | Reached XP level 1. HP: 13/13 MP: 3/3
   305 | D:1      | Reached XP level 2. HP: 17/19 MP: 3/5
   658 | D:1      | Reached skill level 4 in Ice Magic
  1417 | D:2      | Reached XP level 3. HP: 21/24 MP: 3/6
  1436 | D:2      | Learned a level 2 spell: Throw Frost
  1440 | D:2      | Learned a level 3 spell: Ozocubu's Armour
  1767 | D:2      | Reached XP level 4. HP: 26/30 MP: 5/8
  2203 | D:2      | Reached skill level 5 in Ice Magic
  2240 | D:2      | Noticed Robin
  2291 | D:2      | Killed Robin
  2381 | D:2      | Reached XP level 5. HP: 35/35 MP: 2/9
  3017 | D:3      | Found a runed door.
  3054 | D:3      | Noticed Paulus's ghost (amateur DsFi)
  3577 | D:3      | Found a runed door.
  3811 | D:4      | Noticed an ogre
  3910 | D:3      | Found a snail-covered altar of Cheibriados.
  4095 | D:4      | Reached skill level 6 in Ice Magic
  4095 | D:4      | Reached XP level 6. HP: 41/41 MP: 4/11
  4495 | D:4      | Reached skill level 7 in Ice Magic
  4555 | D:4      | Found a staircase to the Ecumenical Temple.
  4568 | D:4      | Reached XP level 7. HP: 14/46 MP: 1/13
  4657 | Temple   | Entered the Ecumenical Temple
  4783 | D:4      | Got a bound glass ring
  5630 | D:4      | Identified the ring "Fexize" {Str+6 Stlth+} (You took it off an orc wizard on level 4 of the Dungeon)
  5678 | D:5      | Entered Level 5 of the Dungeon
  5700 | D:5      | Reached skill level 8 in Ice Magic
  5796 | D:5      | HP: 2/46 [ice beast (14)]
  6359 | D:5      | Reached XP level 8. HP: 49/52 MP: 3/15
  6550 | D:5      | Noticed a gargoyle
  6617 | D:5      | Reached skill level 5 in Spellcasting
  6836 | D:5      | Found a glowing silver altar of Zin.
  6908 | D:5      | Learned a level 4 spell: Throw Icicle
  7162 | D:6      | Reached skill level 1 in Polearms
  7162 | D:6      | Reached skill level 9 in Ice Magic
  7250 | D:6      | Found an iron altar of Okawaru.
  7250 | D:6      | Found a glowing golden altar of the Shining One.
  7251 | D:6      | Found a white marble altar of Elyvilon.
  7287 | D:6      | Became a worshipper of Warmaster Okawaru
  7299 | D:6      | Reached skill level 1 in Fighting
  8036 | D:6      | Found a basalt altar of Yredelemnul.
  8563 | D:7      | Reached skill level 1 in Invocations
  8925 | D:7      | Reached XP level 9. HP: 62/62 MP: 7/17
  8958 | D:7      | Reached * piety under Okawaru
  9533 | D:7      | Reached skill level 10 in Ice Magic
  9832 | D:7      | Shot with an arrow by a centaur

Vault maps used:
D:1:      lemuel_arrival_river_ford
D:2:      uniq_robin
D:3:      cheibriados_altar_1, ebering_ghost_sewer_f,
          minmay_misc_feat_four_crosses
D:4:      minmay_temple_entry_butterflies
D:5:      lemuel_doored_altar, first_ration, minmay_crystal_room,
          minmay_small_thing
D:6:      lemuel_zombie_altar_yredelemnul, gammafunk_temple_overflow_forgotten
D:7:      cheibrodos_fzero, serial_bayou, serial_bayou_ford_a,
          serial_bayou_lagoon_b, serial_bayou_pond_d, serial_bayou_pond_c
Temple:   dshaligram_water_room_temple

Skill      XL: |  1  2  3  4  5  6  7  8  9 |
---------------+----------------------------+-----
Ice Magic      | 4 5 6 7 8 9 10 | 10.2
Spellcasting   | 3 4 5 |  5.9
Polearms       | 3 4 |  4.5
Fighting       | 2 3 |  3.3
Invocations    | 1 2 |  2.5
Dodging        | |  2.6
Stealth        | |  2.1
Conjurations   | |  0.7

Action                   |  1- 3 |  4- 6 |  7- 9 || total
-------------------------+-------+-------+-------++-------
Melee: Unarmed           |     8 |     5 |       ||    13
       Spear             |       |    78 |   358 ||   436
 Cast: Freeze            |    46 |    77 |    93 ||   216
       Throw Frost       |     1 |    23 |    65 ||    89
       Ozocubu's Armour  |       |       |    14 ||    14
Invok: Heroism           |       |       |     3 ||     3
  Use: Scroll            |       |    12 |     4 ||    16
       Potion            |       |     2 |     3 ||     5
 Stab: Sleeping          |     1 |     3 |     3 ||     7
  Eat: Chunk             |     3 |    10 |    12 ||    25
       Ration            |       |       |     2 ||     2
Armor: Robe              |     4 |    15 |     6 ||    25
       Leather armour    |       |       |   107 ||   107
Dodge: Dodged            |    21 |    74 |   234 ||   329

Table legend:
 A = Spawn XP
 B = Non-spawn XP
 C = Spawn XP percentage of total XP
 D = Spawn monster count
 E = Non-spawn monster count
 F = Spawn count percentage of total count
 G = Total turns spent on level
                    A         B        C        D         E        F      G
               +---------+---------+-------+---------+---------+-------+---------
         Total |       0 |    3117 |   0.0 |       0 |     169 |   0.0 |  9832
               +---------+---------+-------+---------+---------+-------+---------
           D:1 |       0 |      33 |   0.0 |       0 |      21 |   0.0 |  1415
           D:2 |       0 |     152 |   0.0 |       0 |      41 |   0.0 |  1601
           D:3 |       0 |     100 |   0.0 |       0 |      27 |   0.0 |  1052
           D:4 |       0 |     623 |   0.0 |       0 |      24 |   0.0 |  1497
           D:5 |       0 |     499 |   0.0 |       0 |      18 |   0.0 |  1448
           D:6 |       0 |     746 |   0.0 |       0 |      20 |   0.0 |  1774
           D:7 |       0 |     964 |   0.0 |       0 |      18 |   0.0 |   932
               +---------+---------+-------+---------+---------+-------+---------
